 Dungeon Crawl Stone Soup version 0.27.1-2-g3b301248ec (webtiles) character file.

Game seed: 9273790365581292596

975 Crownlay the Fighter (level 7, -2/68 HPs)
             Began as a Minotaur Monk on Sept 22, 2021.
             Was a Priest of Okawaru.
             Slain by Sigmund (13 damage)
             ... on level 5 of the Dungeon.
             The game lasted 00:05:39 (3370 turns).

Crownlay the Fighter (Minotaur Monk)                Turns: 3370, Time: 00:05:40

Health: -2/68      AC:  6    Str: 17    XL:     7   Next: 95%
Magic:  8/10       EV: 14    Int:  7    God:    Okawaru [***...]
Gold:   285        SH:  6    Dex: 13    Spells: 6/6 levels left

rFire    . . .     SeeInvis .   a - +0 falchion
rCold    . . .     Faith    .   e - +0 buckler
rNeg     . . .     Spirit   .   n - +0 ring mail
rPois    .         Reflect  .   (helmet restricted)
rElec    .         Harm     .   (no cloak)
rCorr    .         Rampage  .   (no gloves)
Will     .....                  (no boots)
Stlth    +++.......             k - amulet of regeneration
HPRegen  1.21/turn              (no ring)
MPRegen  0.12/turn              (no ring)

@: heroic
A: horns 2, retaliatory headbutt
a: Renounce Religion, Heroism


You were on level 5 of the Dungeon.
You worshipped Okawaru.
Okawaru was most pleased with you.
You visited 1 branch of the dungeon, and saw 5 of its levels.

You collected 285 gold pieces.

Inventory:

Hand Weapons
 a - a +0 falchion (weapon)
Armour
 e - a +0 buckler (worn)
 l - a +0 kite shield
 n - a +0 ring mail (worn)
Jewellery
 k - an amulet of regeneration (around neck)
Wands
 v - a wand of acid (5)
Scrolls
 c - a scroll of enchant armour {unknown}
 f - a scroll of fog {unknown}
 g - a scroll of noise {unknown}
 m - 2 scrolls of identify {unknown}
 o - a scroll of magic mapping {unknown}
 q - a scroll of amnesia {unknown}
 r - a scroll of fear {unknown}
 t - a scroll of immolation {unknown}
Potions
 b - a potion of cancellation {unknown}
 h - a potion of attraction {unknown}
 i - a potion of degeneration {unknown}
 j - 2 potions of mutation {unknown}
 p - 2 potions of might {unknown}
 s - a potion of haste {unknown}
 u - a potion of magic {unknown}


   Skills:
 + Level 8.0(13.0) Fighting
 - Level 3.7(8.7) Long Blades
 - Level 3.4(8.4) Dodging
 - Level 1.7(6.7) Stealth
 - Level 4.0(9.0) Shields
 * Level 5.6 Invocations


You had 6 spell levels left.
You didn't know any spells.
Your spell library contained the following spells:

 Spells                   Type           Power      Damage    Failure   Level
 Corpse Rot               Necr/Air       N/A        N/A       77%         2
 Conjure Flame            Conj/Fire      0%         6-21      94%         3
 Ignite Poison            Fire/Tmut/Pois 0%         N/A       94%         3
 Dispel Undead            Necr           0%         3d6       100%        4
 Sticky Flame             Conj/Fire      0%         2d3       100%        4
 Death Channel            Necr           0%         N/A       100%        6


Dungeon Overview and Level Annotations

Branches:
Dungeon (5/15)
 Temple: D:4-7

Altars:
Fedhas
Okawaru
Trog

Annotations:
D:4 2 runed translucent doors, Nebesus's ghost, novice GrFi
D:5 Sigmund


Innate Abilities, Weirdness & Mutations

You have a pair of horns on your head.
You reflexively headbutt those who attack you in melee.


Message History

You hit the iguana but do no damage.
The iguana is heavily wounded.
The iguana bites you! Something hits you!
You hit the iguana but do no damage. You headbutt the iguana.
The iguana is severely wounded.
The iguana barely misses you. You furiously retaliate!
You headbutt the iguana.
You riposte.
You hit the iguana but do no damage.
The iguana is severely wounded.
Something hits you! You block the iguana's attack.
You hit the iguana but do no damage.
The iguana is severely wounded.
The iguana closely misses you.
You riposte.
You barely miss the iguana.
The iguana is severely wounded.
Something hits you!
* * * LOW HITPOINT WARNING * * *
You hit the iguana. Your headbutt misses the iguana.
The iguana is almost dead.
The iguana bites you!
* * * LOW HITPOINT WARNING * * *
You gain the combat prowess of a mighty hero.
Something hits you.
* * * LOW HITPOINT WARNING * * *
x2 The iguana misses you.
You barely miss the iguana. You headbutt the iguana.
You kill the iguana!
Okawaru accepts your kill. Something hits you but does no damage.
Your base Fighting skill increases to level 8!
You hit something but do no damage. You headbutt something. Something hits you!
* * * LOW HITPOINT WARNING * * *
x2 You miss something.
It was a potion of curing.
You feel better. Something hits you!
* * * LOW HITPOINT WARNING * * *
x2 You feel better.
You hear some strange, mumbled words.
A magic dart appears from out of thin air!
The magic dart hits you.
* * * LOW HITPOINT WARNING * * *
You feel better. Something hits you!
You die...

### #.. .. ..#######.#####. ...
#.#........)....... ##.#
#...########.#####. ##.# #.# #.#
#. #.# #.# #.# #. #.# #.# #.###
#. #.### #.###.# #...###. ##...
....#{# ###..... ##.## #.#.#@#
#.#### ..).########.#.#.# #.#
##...†.......#.#.# #.#
.#.##.....##.#.#.# #.#
.#....###.##.#.#.# #.#
......#≈#......#.###########.#
.#.##.###....................####
.#.##....................(.......
##.###..##.....###..######.<....#


There were no monsters in sight!

Vanquished Creatures
  Grinder (D:5)
  A black bear (D:5)
  An ogre (D:4)
  A centaur (D:5)
  A phantom (D:5)
  A bullfrog zombie (D:5)
  A jelly (D:5)
  2 hounds (D:5)
  2 bullfrog skeletons (D:5)
  2 iguanas
  2 orc wizards (D:5)
  A hound skeleton (D:5)
  6 adders
  A worm (D:2)
  A dart slug (D:1)
  8 orcs
  6 endoplasms
  A giant cockroach (D:1)
  12 goblins
  4 hobgoblins
  4 kobolds
  2 quokkas
  8 ball pythons
  4 bats
  6 frilled lizards
  6 rats
85 creatures vanquished.

Vanquished Creatures (others)
  A wizard (D:3)
1 creature vanquished.

Grand Total: 86 creatures vanquished

Notes
Turn   | Place    | Note
-------+----------+-------------------------------------------
     0 | D:1      | Crownlay the Minotaur Monk began the quest for the Orb.
     0 | D:1      | Reached XP level 1. HP: 19/19 MP: 0/0
   141 | D:1      | Reached skill level 4 in Fighting
   141 | D:1      | Reached XP level 2. HP: 18/27 MP: 1/1
   401 | D:1      | Found a faded altar of an unknown god.
   408 | D:1      | Reached skill level 1 in Shields
  1004 | D:2      | Reached XP level 3. HP: 33/33 MP: 2/2
  1361 | D:2      | Found a blossoming altar of Fedhas.
  1875 | D:3      | Reached XP level 4. HP: 32/40 MP: 3/3
  2104 | D:3      | Found a bloodstained altar of Trog.
  2109 | D:3      | Noticed a wizard
  2113 | D:3      | Killed a wizard
  2386 | D:4      | Found an iron altar of Okawaru.
  2393 | D:4      | Noticed an ogre
  2403 | D:4      | Killed an ogre
  2404 | D:4      | Reached skill level 5 in Fighting
  2404 | D:4      | Reached XP level 5. HP: 32/50 MP: 4/4
  2505 | D:4      | Reached skill level 6 in Fighting
  2507 | D:4      | Became a worshipper of Warmaster Okawaru
  2507 | D:4      | Reached * piety under Okawaru
  2507 | D:4      | Reached ** piety under Okawaru
  2748 | D:4      | Found a runed translucent door.
  2779 | D:4      | Found a runed translucent door.
  2783 | D:4      | Noticed Nebesus's ghost (novice GrFi)
  2797 | D:5      | Entered Level 5 of the Dungeon
  2826 | D:5      | Reached skill level 1 in Invocations
  2859 | D:5      | Noticed Grinder
  2870 | D:5      | Reached XP level 6. HP: 51/58 MP: 4/6
  2882 | D:5      | Killed Grinder
  2934 | D:5      | Reached skill level 7 in Fighting
  2940 | D:5      | Reached XP level 7. HP: 52/66 MP: 8/8
  3024 | D:5      | Reached *** piety under Okawaru
  3165 | D:5      | Reached skill level 5 in Invocations
  3345 | D:5      | Noticed Sigmund
  3365 | D:5      | Reached skill level 8 in Fighting
  3366 | D:5      | HP: 3/68 [something (8)]
  3370 | D:5      | Slain by Sigmund

Illustrated notes

Levels and vault maps discovered:
D:1:      onia_arrival_mini_spirals, layout_rooms, ebering_ecumenical_altar_hall
D:2:      layout_loops_cross, basic_altar
D:3:      layout_rooms, trog_wizard, serial_glass, glass_columns_a,
          glass_columns_b, nrook_mini_backslash, dk_noncrumbling_4
D:4:      kennysheep_big_flooded_room, layout_basic, okawaru_ov_weapons_minmay,
          ebering_ghost_sewer_f
D:5:      layout_loops_ring, fedhas_altar_4, hangedman_decor_push,
          feat_on_display, uniq_grinder, uniq_sigmund

Skill      XL: |  1  2  3  4  5  6  7 |
---------------+----------------------+-----
Fighting       | 4 5 6 7 8 |  8.0
Shields        | 1 3 4 |  4.0
Invocations    | 1 3 5 |  5.6
Long Blades    | |  3.7
Dodging        | |  3.4
Stealth        | |  1.7

Action                   |  1- 3 |  4- 6 |  7- 9 || total
-------------------------+-------+-------+-------++-------
Melee: Falchion          |    89 |   111 |    65 ||   265
       Headbutt          |    17 |    25 |    18 ||    60
Invok: Heroism           |       |       |     1 ||     1
  Use: Potion            |       |       |     3 ||     3
 Stab: Sleeping          |     3 |       |       ||     3
Armor: Robe              |    20 |       |       ||    20
       Ring mail         |       |    33 |    24 ||    57
Dodge: Dodged            |    50 |    47 |    24 ||   121
Block: Buckler           |    11 |    18 |    13 ||    42
       Rpst.: Falchion   |    13 |    15 |     5 ||    33
